 Dungeon Crawl Stone Soup version 0.26.1-11-gd32895ea62 (webtiles) character file.

Game seed: 4419309245516487973

55 Sopht the Slasher (level 3, -1/23 HPs)
             Began as a Tengu Berserker on July 20, 2021.
             Was a Follower of Trog.
             Succumbed to poison (dark miasma)
             ... on level 2 of the Dungeon.
             The game lasted 00:07:00 (1330 turns).

Sopht the Slasher (Tengu Berserker)                 Turns: 1330, Time: 00:07:01

Health: -1/23      AC:  5    Str: 18    XL:     3   Next: 93%
Magic:  4/4        EV: 12    Int:  7    God:    Trog [*.....]
Gold:   91         SH:  0    Dex: 13    Spells: 2/2 levels left

rFire    . . .     SeeInvis .   a - +0 falchion
rCold    . . .     Faith    .   (no shield)
rNeg     . . .     Spirit   .   d - +0 ring mail
rPois    .         Reflect  .   (helmet restricted)
rElec    .         Harm     .   (no cloak)
rCorr    .         Rampage  .   (no gloves)
Will     .....                  (boots unavailable)
Stlth    +.........             e - amulet of inaccuracy (curse)
HPRegen  0.07/turn              (no ring)
MPRegen  0.09/turn              (no ring)

@: lethally poisoned (-1 -> -50), slowed, wreathed by umbra, very slow
A: beak, talons 3
a: Renounce Religion, Berserk


You were on level 2 of the Dungeon.
You worshipped Trog.
Trog was aware of your devotion.
You visited 1 branch of the dungeon, and saw 2 of its levels.

You collected 91 gold pieces.

Inventory:

Hand Weapons
 a - a +0 falchion (weapon)
Armour
 d - a +0 ring mail (worn)
 h - a cursed -2 robe
Jewellery
 e - a cursed amulet of inaccuracy (around neck)
Scrolls
 f - a scroll of magic mapping {unknown}
 j - a scroll of identify {unknown}
Potions
 b - 2 potions of lignification {unknown}
 c - 3 potions of curing {unknown}
 g - a potion of magic {unknown}
 i - a potion of heal wounds {unknown}


   Skills:
 + Level 3.4 Fighting
 + Level 4.0 Long Blades
 + Level 2.9 Armour
 + Level 2.7 Dodging


You had 2 spell levels left.
You didn't know any spells.
Your spell library was empty.

Dungeon Overview and Level Annotations

Branches:
Dungeon (2/15)

Altars:
Gozag
Xom
Yredelemnul


Innate Abilities, Weirdness & Mutations

You have a beak for a mouth.
You have claws for feet.


Message History

There is an open door here.
There is an open door here.
You see here a jackal corpse.
You now have 91 gold pieces (gained 8).
You open the door.
Found a basalt altar of Yredelemnul.
There is an open door here.
Really walk into that cloud of foul pestilence?
Really walk into a travel-excluded area?
You are engulfed in dark miasma.
You are lethally poisoned!
You feel sick.
You see here a fuming pink potion.
c - 3 fuming pink potions (gained 1)
You are engulfed in dark miasma.
You are more poisoned.
You feel yourself slow down.
* * * LOW HITPOINT WARNING * * *
You feel very sick.
You die...

##.......## #.........#
####.....## ###.#.....######
###.._##....###A##
#.'...8#....######
#.#.._##....##☼.☼#
##.###.#.....##._.#
....####.....##☼@☼#
.............##...# .###
.....†.......##☼.☼#### ..#### #
#####†.......##...##.>##....###
. ##.......###'###......#...##.
#...###.#.....#..##.........
#.#.##............(........#
##.......#.....#........†...#
#........###+### #......<...#


You could see a profane servitor.

Vanquished Creatures
  2 adders (D:2)
  A dart slug (D:2)
  2 leopard geckos
  2 ball pythons (D:2)
  A giant cockroach (D:2)
  2 goblins (D:1)
  6 hobgoblins
  6 jackals
  2 bats
  3 frilled lizards
  2 kobolds (D:1)
29 creatures vanquished.

Notes
Turn   | Place    | Note
-------+----------+-------------------------------------------
     0 | D:1      | Sopht the Tengu Berserker began the quest for the Orb.
     0 | D:1      | Reached XP level 1. HP: 14/14 MP: 2/2
    55 | D:1      | Reached XP level 2. HP: 17/19 MP: 3/3
   788 | D:2      | Reached XP level 3. HP: 23/23 MP: 4/4
  1135 | D:2      | Reached skill level 4 in Long Blades
  1269 | D:2      | Found an opulent altar of Gozag.
  1269 | D:2      | Found a shimmering altar of Xom.
  1322 | D:2      | Found a basalt altar of Yredelemnul.
  1324 | D:2      | Noticed a profane servitor
  1330 | D:2      | Succumbed to poison (dark miasma)

Illustrated notes

Levels and vault maps discovered:
D:1:      minmay_arrival_nine_rooms, layout_rooms
D:2:      layout_rooms, grunt_temple_overflow_holy_war,
          gammafunk_temple_overflow_statue

Skill      XL: |  1  2  3 |
---------------+----------+-----
Long Blades    | 4 |  4.0
Fighting       | |  3.4
Armour         | |  2.9
Dodging        | |  2.7

Action                   || total
-------------------------++-------
Melee: Falchion          ||    71
       Peck              ||    11
       Kick              ||    13
Armor: Animal skin       ||     6
       Ring mail         ||    23
Dodge: Dodged            ||    51
       Rpst.: Falchion   ||    16
